 Dungeon Crawl Stone Soup version 0.29.1-15-g9cfb28693d (webtiles) character file.

Game seed: 14034003493193393822

80047 kingofthe the Unseen (level 15, -4/63 HPs)
             Began as a Spriggan Enchanter on Mar 19, 2023.
             Was the Champion of Dithmenos.
             Constricted to death by a naga warrior (5 damage)
             ... on level 2 of the Snake Pit.
             The game lasted 02:22:48 (31677 turns).

kingofthe the Unseen (Spriggan Enchanter)          Turns: 31677, Time: 02:22:48

Health: -4/63      AC:  7    Str:  6    XL:     15   Next: 22%
Magic:  30/33      EV: 31    Int: 20    God:    Dithmenos [******]
Gold:   692        SH:  0    Dex: 24    Spells: 16/41 levels left

rFire   + . .      SeeInvis +   b - +2 dagger (venom)
rCold   + . .      Faith    .   (no shield)
rNeg    . . .      Spirit   .   E - +2 robe {rC+ rF+}
rPois   +          Reflect  .   X - +2 hat
rElec   .          Harm     .   z - +0 cloak
rCorr   .          Rampage  .   (gloves unavailable)
Will    ++...                   (boots unavailable) Stlth ***+++++++
                                r - amulet of the acrobat
HPRegen 0.20/turn               d - +6 ring of dexterity
MPRegen 0.23/turn               P - ring of poison resistance

@: confusing by touch, wreathed by umbra, constricted, very quick
A: very small, no large weapons, unfitting armour, see invisible, speed 3
a: Renounce Religion, Shadow Step, Shadow Form


You were on level 2 of the Snake Pit.
You worshipped Dithmenos.
Dithmenos was exalted by your worship.
You visited 3 branches of the dungeon, and saw 20 of its levels.

You collected 1204 gold pieces.
You spent 512 gold pieces at shops.


Innate Abilities, Weirdness & Mutations

You are very small and have problems with some larger weapons.
You are too small for most types of armour.
You have supernaturally acute eyesight. (SInv)
You cover ground extremely quickly. (Speed+++)


   Skills:
 + Level 8.8 Short Blades
 + Level 16.0 Dodging
 + Level 16.7 Stealth
 + Level 13.6 Spellcasting
 + Level 2.0 Conjurations
 + Level 14.1 Hexes
 + Level 5.7 Translocations
 - Level 8.0 Transmutations
 - Level 5.2 Air Magic
 - Level 8.1 Poison Magic
 + Level 6.9 Evocations


You had 16 spell levels left.
You knew the following spells:

 Your Spells              Type           Power      Damage    Failure   Level
a - Ensorcelled Hibernat  Hex/Ice        82%        N/A       1%          2
b - Confusing Touch       Hex            63%        N/A       1%          3
c - Tukima's Dance        Hex            63%        N/A       1%          3
d - Mephitic Cloud        Conj/Pois/Air  34%        N/A       1%          3
e - Dazzling Flash        Conj/Hex       90%        N/A       1%          3
f - Yara's Violent Unrav  Hex/Tmut       27%        3d12      1%          5
g - Passage of Golubria   Tloc           36%        N/A       4%          4
z - Blink                 Tloc           72%        N/A       1%          2

Your spell library contained the following spells:

 Spells                   Type           Power      Damage    Failure   Level
 Apportation              Tloc           72%        N/A       1%          1
 Magic Dart               Conj           84%        1d7       1%          1
 Static Discharge         Conj/Air       28%        3-7/arc   1%          2
 Ignite Poison            Fire/Tmut/Pois 35%        N/A       1%          3
 Summon Guardian Golem    Hex/Summ       41%        N/A       1%          3
 Fulminant Prism          Conj/Hex       22%        3d13      1%          4
 Leda's Liquefaction      Hex/Erth       20%        N/A       2%          4
 Silence                  Hex/Air        25%        N/A       2%          5
 Searing Ray              Conj           42%        2d6       3%          2
 Necrotise                Necr           52%        1d6       4%          1
 Alistair's Intoxication  Tmut/Pois      30%        N/A       4%          5
 Scorch                   Fire           26%        2d6       8%          2
 Metabolic Englaciation   Hex/Ice        20%        N/A       8%          5
 Manifold Assault         Tloc           36%        N/A       13%         5
 Ozocubu's Armour         Ice            13%        N/A       14%         3
 Vampiric Draining        Necr           13%        2d6       14%         3
 Flame Wave               Conj/Fire      17%        2d7       30%         4
 Lightning Bolt           Conj/Air       14%        1d27      30%         5
 Freezing Cloud           Conj/Ice/Air   11%        6-21      43%         5
 Discord                  Hex            31%        N/A       67%         8
 Agony                    Necr           13%        N/A       80%         5
 Lee's Rapid Deconstruct  Erth           6%         3d7*      80%         5
 Statue Form              Tmut/Erth      19%        N/A       82%         6
 Conjure Ball Lightning   Conj/Air       14%        3x3d6     86%         6
 Storm Form               Tmut/Air       20%        N/A       95%         7
 Simulacrum               Ice/Necr       6%         N/A       100%        6
 Summon Cactus Giant      Summ           6%         N/A       100%        6
 Orb of Destruction       Conj           10%        9d6       100%        7
 Spellforged Servitor     Conj/Summ      8%         N/A       100%        7
 Disjunction              Tloc           18%        N/A       100%        8
 Lehudib's Crystal Spear  Conj/Erth      8%         10d4      100%        8
 Maxwell's Capacitive Co  Air            17%        ∞         100%        8
 Summon Horrible Things   Summ           6%         N/A       100%        8

Inventory:

Hand Weapons
 b - a +2 dagger of venom (weapon)
Armour
 z - a +0 cloak (worn)
 E - a +2 robe of resistance (worn)
 U - a +2 robe of willpower
 V - +0 acid dragon scales
 X - a +2 hat (worn)
Magical Staves
 p - a staff of earth {!a}
Jewellery
 d - a +6 ring of dexterity (left hand)
 f - a ring of protection from fire
 r - an amulet of the acrobat (around neck)
 D - a +6 ring of dexterity
 F - a ring of protection from fire
 P - a ring of poison resistance (right hand)
 T - a +4 ring of protection
 Z - an amulet of magic regeneration
Wands
 q - a wand of flame (12) (quivered)
 s - a wand of mindburst (11)
 C - a wand of digging (7)
 H - a wand of paralysis (23)
 K - a wand of light (5)
Scrolls
 a - a scroll of fog {unknown}
 e - 3 scrolls of magic mapping
 g - 3 scrolls of identify {@r1}
 k - 3 scrolls of teleportation {@r2}
 l - 3 scrolls of poison
 n - a scroll of acquirement {unknown}
 t - a scroll of vulnerability {unknown}
 w - a scroll of blinking {unknown}
 M - a scroll of torment {unknown}
 N - a scroll of brand weapon {unknown}
 Q - 4 scrolls of immolation {unknown}
 W - a scroll of fear
Potions
 c - a potion of invisibility
 h - 4 potions of heal wounds {@q2}
 i - 3 potions of brilliance
 j - 2 potions of magic {unknown}
 m - 3 potions of resistance
 o - 11 potions of curing {@q1}
 y - 2 potions of cancellation {unknown}
 A - 2 potions of haste {@q3}
 R - a potion of flight {unknown}
 S - 2 potions of might {unknown}
 Y - a potion of ambrosia {unknown}
Miscellaneous
 v - a piece from Xom's chessboard (15/15)

Dungeon Overview and Level Annotations

Branches:
Dungeon (13/15)            Temple (0/1) D:7            Lair (5/5) D:9
 Shoals (0/4) Lair:3        Snake (2/4) Lair:2        Slime (0/5) Lair:5
    Orc (0/2) D:11
 Vaults: D:13-14

Altars:
Dithmenos
Elyvilon
Kikubaaqudgha
Nemelex Xobeh
Ru
Uskayaw
Xom
Jiyva

Shops:
D:9 = D:12

[ ##
.........##......###....
..............!...##....
...................#
.......)#.....^..N....
........#.............#
.......##..............
......§##§§.......##...
#....§§#§§....#### #..
.## ####.§§@N####.#
..######.§§§## .#
##.......§§§#####..
#.........#.......▓
##......)...#####...
##...........###
#............#.#
#.............#
.####.......<.....#


You could see a naga warrior (catching breath).


Message History

You hit the naga warrior but do no damage.
The naga warrior completely misses you. The naga warrior constricts you.
You hit the naga warrior but do no damage.
The naga warrior blocks your shadow's attack.
The naga warrior blocks your attack.
The naga warrior hits you with a +0 mace!!
* * * LOW HITPOINT WARNING * * *
You emit a cloud of dark smoke.
The naga warrior constricts you.
* * * LOW HITPOINT WARNING * * *
You are too injured to fight recklessly!
You are too injured to fight recklessly!
You hit the naga warrior but do no damage.
Your shadow hits the naga warrior with a dagger.
You barely miss the naga warrior.
The naga warrior is lightly wounded.
The naga warrior blocks your shadow's attack.
The naga warrior spits poison at you. The splash of poison misses you.
The naga warrior constricts you.
* * * LOW HITPOINT WARNING * * *
You feel better.
The naga warrior hits you with a +0 mace!
* * * LOW HITPOINT WARNING * * *
You emit a cloud of dark smoke.
The naga warrior constricts you.
* * * LOW HITPOINT WARNING * * *
Use which ability? (? or * to list)
Okay, then.
The naga warrior's grasp on you weakens, but your attempt to escape fails.
The naga warrior spits poison at you. The splash of poison misses you.
The naga warrior constricts you.
You die...

Skill      XL: |  1  2  3  4  5  6  7  8  9 10 11 12 13 14 15 |
---------------+----------------------------------------------+-----
Dodging        | 3 4 5 7 9 10 12 13 14 15 16 | 16.0
Spellcasting   | 3 4 5 6 7 8 9 10 11 12 13 | 13.6
Hexes          | 4 5 6 7 8 9 10 11 13 14 | 14.1
Stealth        | 5 6 7 9 10 11 12 13 14 15 16 | 16.7
Poison Magic   | 2 4 6 8 |  8.1
Air Magic      | 1 3 4 5 |  5.2
Translocations | 4 5 |  5.7
Short Blades   | 2 4 5 6 8 |  8.8
Transmutations | 2 5 6 8 |  8.0
Evocations     | 3 6 |  6.9
Conjurations   | 1 2 |  2.0

Action                   |  1- 3 |  4- 6 |  7- 9 | 10-12 | 13-15 || total
-------------------------+-------+-------+-------+-------+-------++-------
Melee: Dagger            |    81 |    58 |    23 |       |   535 ||   697
       Short sword       |       |       |   146 |   337 |    89 ||   572
       Punch             |       |       |     1 |     8 |     8 ||    17
Throw: Dart              |       |       |     9 |    28 |    17 ||    54
 Cast: Ensorcelled Hiber |    25 |    20 |    81 |   182 |   167 ||   475
       Confusing Touch   |       |     3 |    14 |    19 |    32 ||    68
       Tukima's Dance    |       |       |     4 |       |       ||     4
       Mephitic Cloud    |       |       |       |     3 |    71 ||    74
       Blink             |       |       |       |     1 |       ||     1
       Dazzling Flash    |       |       |       |       |    27 ||    27
       Yara's Violent Un |       |       |       |       |     1 ||     1
Evoke: Wand              |       |     5 |     3 |    15 |    52 ||    75
  Use: Scroll            |       |       |     6 |     5 |    11 ||    22
       Potion            |       |       |     2 |     1 |     6 ||     9
 Stab: Sleeping          |    26 |    22 |    54 |   107 |    96 ||   305
       Confused          |       |     1 |    12 |    25 |    85 ||   123
       Distracted        |       |       |     3 |     5 |     5 ||    13
       Paralysed         |       |       |     1 |       |       ||     1
       Invisible         |       |       |     3 |     6 |    23 ||    32
Armor: Robe              |     7 |     3 |    18 |    25 |    32 ||    85
Dodge: Dodged            |    63 |    54 |   192 |   607 |   609 ||  1525

Levels and vault maps discovered:
D:1:      roderic_crop_circles_arrival_small, layout_loops_ring,
          nicolae_ecumenical_snake_handling, serial_forest,
          infiniplex_forest_zigzag_2, infiniplex_forest_split,
          infiniplex_forest_3_way, infiniplex_forest_end_2,
          infiniplex_forest_zigzag_1, infiniplex_forest_clump_large,
          infiniplex_forest_clump_long, minmay_pentomino_p2
D:2:      layout_loops_ring
D:3:      layout_loops_corners, tgw_kikubaaqudgha, chequers_serial_rivers_marsh,
          uniq_terence
D:4:      layout_loops_ring, xom_butterflies, nicolae_elyvilon_temple_path,
          kennysheep_diamond
D:5:      layout_layer_cave, mainiacjoe_overflow_24_doors, uniq_ijyb,
          uniq_edmund, uniq_prince_ribbit1
D:6:      layout_basic, nicolae_uskayaw_dance_hall, roderic_lattice_a,
          minmay_misc_feat_hallway, small_statue_intersection, minivault_26,
          uniq_pikel
D:7:      layout_gridville, minmay_temple_entry_poolview, serial_rivers,
          chequers_serial_rivers_room_b, chequers_serial_rivers_large_a,
          chequers_serial_rivers_micro_c, chequers_serial_rivers_small_3,
          chequers_serial_rivers_micro_e, chequers_serial_rivers_micro_a,
          uniq_joseph, uniq_duvessa
D:8:      layout_basic, eino_small_chamber_without_monster
D:9:      layout_gridville, nemelex_diamond_rough_becter, dpeg_oklobed_lair,
          serial_shops, shop_fountains, minivault_14, uniq_psyche
D:10:     layout_cave_pools
D:11:     nzn_winding_woodlands_three_and_one
          [nzn_winding_woodlands_5x15_parted, nzn_winding_woodlands_5x15_cabin,
          nzn_winding_woodlands_5x15_split_checker,
          nzn_winding_woodlands_center_garden], layout_cave_pods,
          david_orc_1_choice, nicolae_ru_awakened_eye
D:12:     layout_rooms, serial_shops, shop
D:13:     layout_cross, dk_noncrumbling_2, minmay_circle_x, uniq_rupert
Lair:1:   layout_roguey, grunt_megastairs_5
Lair:2:   layout_loops_ring, dummy_snake_entry, grunt_megastairs_4
Lair:3:   layout_cave_pods, shoals_dummy_entry, uniq_sonja
Lair:4:   layout_long_grid, chequers_serial_rivers_small_b,
          chequers_serial_rivers_small_b, infiniplex_staircase_pool_2,
          uniq_nessos
Lair:5:   gammafunk_lair_ancient_temple, layout_long_grid, slime_entry_1
Snake:1:  layout_onion
Snake:2:  layout_chambers, nrook_loot_triangle,
          nicolae_snake_guarding_the_ruins, uniq_aizul

Notes
Turn   | Place    | Note
-------+----------+-------------------------------------------
     0 | D:1      | kingofthe the Spriggan Enchanter began the quest for the
                  | Orb.
     0 | D:1      | Reached XP level 1. HP: 9/9 MP: 5/5
   315 | D:1      | Found a faded altar of an unknown god.
   321 | D:1      | Reached skill level 3 in Dodging
   321 | D:1      | Reached XP level 2. HP: 13/13 MP: 6/6
   324 | D:1      | Learned a level 2 spell: Ensorcelled Hibernation
   489 | D:1      | Reached skill level 3 in Spellcasting
   831 | D:1      | Reached skill level 4 in Hexes
  1060 | D:1      | Reached skill level 5 in Stealth
  1514 | D:2      | Reached XP level 3. HP: 16/16 MP: 1/8
  2447 | D:3      | Noticed Terence
  2709 | D:3      | Reached XP level 4. HP: 21/21 MP: 10/10
  2718 | D:3      | Learned a level 3 spell: Confusing Touch
  3218 | D:3      | Found an ancient bone altar of Kikubaaqudgha.
  3219 | D:3      | Noticed a human
  3222 | D:3      | Killed a human
  3361 | D:4      | Reached skill level 6 in Stealth
  3820 | D:4      | Reached skill level 4 in Dodging
  3865 | D:4      | Noticed a necrophage
  3892 | D:4      | Killed a necrophage
  3893 | D:4      | Reached skill level 4 in Spellcasting
  3893 | D:4      | Reached XP level 5. HP: 24/24 MP: 7/12
  4059 | D:4      | Found a white marble altar of Elyvilon.
  4305 | D:4      | Found a shimmering altar of Xom.
  4526 | D:5      | Entered Level 5 of the Dungeon
  4526 | D:5      | Noticed Ijyb
  4526 | D:5      | Noticed Edmund
  4549 | D:5      | Reached skill level 5 in Hexes
  4549 | D:5      | Reached XP level 6. HP: 28/28 MP: 13/13
  4559 | D:5      | Reached skill level 7 in Stealth
  4646 | D:5      | Reached skill level 5 in Dodging
  4893 | D:5      | Noticed Prince Ribbit
  5061 | D:5      | Killed Prince Ribbit
  5062 | D:5      | Reached skill level 5 in Spellcasting
  5062 | D:5      | Reached skill level 6 in Hexes
  5062 | D:5      | Reached XP level 7. HP: 8/32 MP: 11/15
  5494 | D:5      | Found a shadowy altar of Dithmenos.
  5498 | D:5      | Became a worshipper of Dithmenos the Shadowed
  5863 | D:6      | Found a hide-covered altar of Uskayaw.
  6030 | D:6      | Reached skill level 8 in Stealth
  6068 | D:6      | Reached skill level 6 in Dodging
  6262 | D:6      | Identified a +2 robe of resistance
  6262 | D:6      | Noticed Pikel
  6275 | D:5      | Learned a level 3 spell: Tukima's Dance
  6524 | D:6      | Killed Pikel
  6525 | D:6      | Reached skill level 7 in Dodging
  6525 | D:6      | Reached skill level 9 in Stealth
  6525 | D:6      | Reached skill level 6 in Spellcasting
  6525 | D:6      | Reached skill level 7 in Hexes
  6525 | D:6      | Reached XP level 8. HP: 35/36 MP: 12/18
  6943 | D:5      | Killed Edmund
  6946 | D:5      | Killed Ijyb
  7108 | D:3      | Killed Terence
  7325 | D:7      | Noticed Joseph
  7366 | D:7      | Reached skill level 7 in Spellcasting
  7374 | D:7      | Reached skill level 10 in Stealth
  7374 | D:7      | Reached skill level 8 in Hexes
  7552 | D:7      | Noticed an eight-headed hydra
  7553 | D:7      | >>wtf
  7654 | D:7      | Noticed Dowan
  7655 | D:7      | Noticed Duvessa
  7658 | D:7      | Killed Duvessa
  7684 | D:7      | Killed Dowan
  7685 | D:7      | Reached XP level 9. HP: 36/39 MP: 11/21
  7757 | D:7      | Reached skill level 8 in Dodging
  7861 | D:7      | Reached * piety under Dithmenos
  8104 | D:7      | Found a staircase to the Ecumenical Temple.
  8261 | D:7      | Killed Joseph
  8262 | D:7      | Reached skill level 11 in Stealth
  8262 | D:7      | Reached skill level 8 in Spellcasting
  8535 | D:8      | Learned a level 3 spell: Mephitic Cloud
  8642 | D:8      | Reached skill level 9 in Hexes
  8819 | D:8      | Reached skill level 1 in Poison Magic
  9292 | D:8      | Reached skill level 9 in Dodging
  9292 | D:8      | Reached skill level 1 in Air Magic
  9697 | D:9      | Identified the +1 scale mail of the Six Nightingales {Fly
                  | Str+2 Slay+3 Stlth-}
  9736 | D:9      | Found Ecous's Jewellery Emporium.
  9978 | D:9      | Reached ** piety under Dithmenos
  9979 | D:9      | Reached skill level 2 in Poison Magic
 10121 | D:9      | Noticed Psyche
 10179 | D:9      | Found a staircase to the Lair.
 10211 | D:9      | Noticed a two-headed ogre
 10853 | D:9      | Reached XP level 10. HP: 44/44 MP: 23/23
 10903 | D:9      | Killed a two-headed ogre
 10904 | D:9      | Reached skill level 2 in Air Magic
 10904 | D:9      | Reached skill level 3 in Poison Magic
 11089 | D:9      | Learned a level 2 spell: Blink
 11110 | D:9      | Found a sparkling altar of Nemelex Xobeh.
 11273 | D:10     | Entered Level 10 of the Dungeon
 11314 | D:10     | Reached skill level 12 in Stealth
 11386 | D:10     | Reached skill level 1 in Translocations
 11434 | D:10     | Reached skill level 9 in Spellcasting
 11508 | D:10     | Reached skill level 2 in Translocations
 12264 | D:10     | Reached skill level 10 in Dodging
 12264 | D:10     | Reached skill level 3 in Translocations
 12385 | D:10     | Reached skill level 4 in Poison Magic
 12562 | D:9      | Killed Psyche
 12711 | D:11     | Identified 2 potions of resistance
 12715 | D:11     | Noticed a two-headed ogre
 12722 | D:11     | Killed a two-headed ogre
 12723 | D:11     | Reached skill level 2 in Short Blades
 12723 | D:11     | Reached skill level 10 in Hexes
 12723 | D:11     | Reached skill level 4 in Translocations
 12723 | D:11     | Reached skill level 3 in Air Magic
 13039 | D:11     | Noticed a two-headed ogre
 13047 | D:11     | Killed a two-headed ogre
 13048 | D:11     | Reached XP level 11. HP: 47/47 MP: 25/25
 13072 | D:11     | Found a sacrificial altar of Ru.
 13114 | D:11     | >>fuck you dungeon
 13187 | D:11     | Reached skill level 5 in Poison Magic
 13334 | D:11     | Noticed an eight-headed hydra
 13353 | D:11     | Reached skill level 3 in Short Blades
 14102 | D:7      | Killed an eight-headed hydra
 14103 | D:7      | Reached skill level 11 in Dodging
 14378 | D:7      | Found a staircase to the Ecumenical Temple.
 14817 | D:11     | Reached skill level 13 in Stealth
 14910 | D:11     | Noticed a six-headed hydra
 14944 | D:11     | Reached *** piety under Dithmenos
 14945 | D:11     | Reached skill level 4 in Air Magic
 15041 | D:11     | Reached skill level 6 in Poison Magic
 15085 | D:11     | Noticed a brown ugly thing
 15095 | D:11     | Learned a level 5 spell: Yara's Violent Unravelling
 15109 | D:11     | Found a staircase to the Orcish Mines.
 15547 | D:11     | Reached skill level 10 in Spellcasting
 15579 | D:11     | Reached skill level 4 in Short Blades
 15579 | D:11     | Reached skill level 1 in Transmutations
 15944 | D:11     | Killed an eight-headed hydra
 16022 | D:11     | Killed a six-headed hydra
 16190 | D:11     | Reached skill level 12 in Dodging
 16190 | D:11     | Reached skill level 2 in Transmutations
 16493 | D:11     | Reached XP level 12. HP: 51/51 MP: 15/27
 16661 | D:12     | Found Gifej's Armour Emporium.
 16673 | D:12     | Bought a +2 hat for 192 gold pieces
 17053 | D:12     | Reached skill level 7 in Poison Magic
 17228 | D:13     | Reached skill level 11 in Hexes
 17229 | D:13     | Noticed a boulder beetle
 17247 | D:12     | Reached skill level 3 in Transmutations
 17333 | D:13     | Noticed a boulder beetle
 17449 | D:9      | Bought a ring of poison resistance for 320 gold pieces
 17467 | Lair:1   | Entered Level 1 of the Lair of Beasts
 17995 | Lair:1   | Reached **** piety under Dithmenos
 17996 | Lair:1   | Reached skill level 5 in Short Blades
 18293 | Lair:2   | Noticed a seven-headed hydra
 18318 | Lair:2   | Reached skill level 5 in Air Magic
 18367 | Lair:2   | Reached skill level 14 in Stealth
 18419 | Lair:2   | Reached skill level 4 in Transmutations
 18546 | Lair:2   | Reached skill level 13 in Dodging
 18684 | Lair:2   | Found a staircase to the Snake Pit.
 18874 | Lair:1   | Reached skill level 8 in Poison Magic
 19276 | Lair:2   | Noticed a six-headed hydra
 19895 | Lair:1   | Reached skill level 11 in Spellcasting
 20034 | Lair:2   | Noticed a four-headed hydra
 20036 | Lair:2   | Noticed a five-headed hydra
 20120 | Lair:2   | Killed a seven-headed hydra
 20121 | Lair:2   | Reached skill level 5 in Transmutations
 20121 | Lair:2   | Reached XP level 13. HP: 55/55 MP: 29/29
 20133 | Lair:1   | Learned a level 3 spell: Dazzling Flash
 20717 | Lair:2   | Reached skill level 6 in Short Blades
 20717 | Lair:2   | Reached skill level 12 in Hexes
 21603 | Lair:2   | Reached skill level 14 in Dodging
 21928 | Lair:3   | Found a staircase to the Shoals.
 22513 | Lair:3   | You fall into a shaft and drop 1 floor!
 22513 | Lair:4   | Noticed Nessos
 22525 | Lair:4   | HP: 5/55 [dream sheep[a torpor snail] (21)]
 22696 | Lair:3   | Noticed Sonja
 22702 | Lair:3   | Killed Sonja
 22703 | Lair:3   | Reached skill level 1 in Evocations
 22977 | Lair:4   | Reached skill level 6 in Transmutations
 23276 | Lair:4   | Reached ***** piety under Dithmenos
 23419 | Lair:4   | Reached skill level 12 in Spellcasting
 23421 | Lair:4   | Reached skill level 2 in Evocations
 23455 | Lair:4   | Killed Nessos
 23456 | Lair:4   | Reached skill level 15 in Stealth
 24571 | Lair:5   | Entered Level 5 of the Lair of Beasts
 24714 | Lair:4   | Reached skill level 3 in Evocations
 25180 | Lair:5   | Reached skill level 13 in Hexes
 25183 | Lair:5   | Reached XP level 14. HP: 59/59 MP: 31/31
 25184 | Lair:5   | Reached skill level 7 in Short Blades
 25782 | Lair:5   | Reached skill level 15 in Dodging
 25782 | Lair:5   | Reached skill level 7 in Transmutations
 25932 | Lair:4   | Reached skill level 4 in Evocations
 26873 | Lair:5   | Reached skill level 5 in Evocations
 26934 | Lair:5   | Reached skill level 13 in Spellcasting
 27028 | Lair:5   | Reached skill level 8 in Transmutations
 27049 | Lair:5   | HP: 5/59 [manticore/volley of spikes (2)]
 27051 | Lair:5   | HP: 1/59 [manticore/volley of spikes (13)]
 27272 | Lair:5   | Reached ****** piety under Dithmenos
 27340 | Lair:5   | Reached skill level 16 in Stealth
 27367 | Lair:5   | Reached skill level 8 in Short Blades
 27643 | Lair:5   | Got Sif Muna's Folio of the Escort and Hexes
 27657 | Lair:5   | Learned a level 4 spell: Passage of Golubria
 27759 | Lair:5   | Found a staircase to the Slime Pits.
 27759 | Lair:5   | Found a viscous altar of Jiyva.
 27869 | Lair:5   | Reached skill level 6 in Evocations
 28135 | Snake:1  | Entered Level 1 of the Snake Pit
 28683 | Lair:2   | Reached skill level 1 in Conjurations
 29560 | Snake:1  | Reached XP level 15. HP: 29/63 MP: 30/33
 29765 | Snake:1  | Reached skill level 5 in Translocations
 29925 | Snake:1  | Reached skill level 14 in Hexes
 30551 | Snake:2  | Reached skill level 16 in Dodging
 30838 | Snake:2  | Reached skill level 2 in Conjurations
 30839 | Snake:2  | Noticed Aizul
 31599 | Snake:1  | Killed Aizul
 31676 | Snake:2  | HP: 4/63 [naga warrior/+0 mace (17)]
 31676 | Snake:2  | HP: 1/63 [constriction (3)]
 31677 | Snake:2  | Constricted to death by a naga warrior

Vanquished Creatures
  Aizul (Snake:1)
  Nessos (Lair:4)
  10 hydras
  A merfolk avatar (Lair:5)
  3 two-headed ogres
  3 anacondas
  4 naga warriors
  A shock serpent (Snake:1)
  6 death yaks (Lair:4)
  Sonja (Lair:3)
  2 sea snakes
  2 naga ritualists (Snake:1)
  Pikel (D:6)
  3 mana vipers (Lair:2)
  A harpy (Lair:5)
  An ugly thing (D:12)
  4 salamanders
  4 manticores
  12 black mambas
  27 elephants
  Joseph (D:7)
  3 naga magi
  2 torpor snails
  A gargoyle (D:12)
  12 cane toads
  5 rime drakes
  Psyche (D:9)
  2 unseen horrors
  4 kobold demonologists
  14 komodo dragons
  2 trolls
  3 polar bears
  A tarantella (shapeshifter) (D:13)
  2 hornets (Lair:5)
  Prince Ribbit (D:5)
  28 blink frogs
  15 dream sheep
  2 vampires
  57 yaks
  2 wraiths (D:11)
  7 wyverns
  A basilisk (D:11)
  4 vampire mosquitoes
  4 steam dragons
  2 wargs (D:11)
  Edmund (D:5)
  16 nagas
  3 acid dragons
  7 water moccasins
  Duvessa (D:7)
  2 ice beasts
  2 orc warriors
  13 wolves
  7 centaurs
  2 necrophages
  7 bullfrogs
  A kobold brigand (D:9)
  3 gnoll sergeants
  4 wights (D:9)
  3 scorpions
  Dowan (D:7)
  16 killer bees
  13 howler monkeys
  An electric eel (D:9)
  3 orc priests
  2 hounds
  2 jellies
  A gnoll bouda (D:7)
  Ijyb (D:5)
  Terence (D:3)
  3 iguanas
  4 orc wizards
  14 gnolls
  6 adders
  4 shadow imps
  An ufetubus (D:5)
  3 worms
  3 dart slugs
  31 orcs
  8 ball pythons
  3 bats
  6 endoplasms
  2 giant cockroaches (D:4)
  3 goblins
  6 hobgoblins
  3 jackals (D:1)
  3 quokkas
  3 frilled lizards
  5 kobolds
  3 rats
  A butterfly (D:4)
492 creatures vanquished.

Vanquished Creatures (others)
  3 dancing weapons (D:6)
  A human (D:3)
  A bush (Lair:5)
  51 fungi
  71 plants
127 creatures vanquished.

Grand Total: 619 creatures vanquished

Table legend: (Time is in decaauts)
 A = Elapsed time spent in this place.
 B = Non-inter-level travel time spent in this place.
 C = Inter-level travel time spent in this place.
 D = Time resting spent in this place.
 E = Time spent auto-exploring this place.
 F = Levels seen in this place.
 G = Mean time per level.
                   A        B        C        D        E       F      G
               +--------+--------+--------+--------+--------+-----+--------+
         Total |  24969 |  23509 |   1460 |   7526 |  10863 |  20 | 1248.4 |
       Dungeon |  13168 |  12283 |    885 |   2276 |   7510 |  13 | 1012.9 |
          Lair |  10329 |   9798 |    531 |   4742 |   2904 |   5 | 2065.8 |
     Snake Pit |   1471 |   1428 |     43 |    507 |    448 |   2 |  735.5 |
               +--------+--------+--------+--------+--------+-----+--------+

Top non-repeatable levels by time:
  Lair:2: 3120 daAuts
  Lair:4: 2709 daAuts
  Lair:1: 2260 daAuts
    D:11: 1880 daAuts
     D:9: 1758 daAuts
  Lair:5: 1642 daAuts
     D:7: 1384 daAuts
     D:5: 1274 daAuts
     D:1: 1067 daAuts
     D:6: 1011 daAuts
    D:10: 1006 daAuts
 Snake:1: 936 daAuts
     D:8: 900 daAuts
     D:4: 886 daAuts
     D:3: 774 daAuts

Table legend:
 A = Non-vault XP
 B = Vault XP
 C = Vault XP percentage of total XP
 D = Non-vault monster count
 E = Vault monster count
 F = Vault count percentage of total count
                 A         B        C        D         E       F
            +---------+---------+-------+---------+---------+-------
      Total |   83745 |   30608 |  26.8 |     393 |      98 |  20.0
            +---------+---------+-------+---------+---------+-------
        D:1 |      33 |       5 |  13.2 |      17 |       3 |  15.0
        D:2 |      37 |       0 |   0.0 |      12 |       0 |   0.0
        D:3 |      62 |      36 |  36.7 |      15 |       1 |   6.2
        D:4 |     196 |       0 |   0.0 |      12 |       0 |   0.0
        D:5 |     435 |     466 |  51.7 |      14 |       3 |  17.6
        D:6 |     390 |     629 |  61.7 |      14 |       1 |   6.7
        D:7 |    1817 |     669 |  26.9 |      21 |       3 |  12.5
        D:8 |     711 |       0 |   0.0 |      16 |       0 |   0.0
        D:9 |    2306 |     371 |  13.9 |      28 |       1 |   3.4
       D:10 |    1677 |     401 |  19.3 |      18 |       1 |   5.3
       D:11 |    4911 |    6538 |  57.1 |      22 |      30 |  57.7
       D:12 |    3021 |     212 |   6.6 |      13 |       1 |   7.1
       D:13 |       0 |     627 | 100.0 |       0 |       2 | 100.0
     Lair:1 |    5404 |    3705 |  40.7 |      24 |      11 |  31.4
     Lair:2 |   17905 |     446 |   2.4 |      44 |       2 |   4.3
     Lair:3 |    1285 |     772 |  37.5 |       4 |       1 |  20.0
     Lair:4 |   13436 |    2164 |  13.9 |      38 |       3 |   7.3
     Lair:5 |   18625 |   10047 |  35.0 |      54 |      26 |  32.5
    Snake:1 |    8239 |    1187 |  12.6 |      19 |       1 |   5.0
    Snake:2 |    3255 |    2333 |  41.8 |       8 |       8 |  50.0
            +---------+---------+-------+---------+---------+-------
